AoeStats
← EMPEROR98265292

Arena

507911508Analyzed
1v1 RM · 13d ago on Sep 20, 2026· 46m 40s· 2 players
Game mode
Random Map
Map size
Tiny (2 player)
Population
200
Speed
Normal
Resources
Standard
Victory
Conquest
Starting age
Dark Age
Ending age
Imperial Age
RankedLock teamsTeams togetherTeam positionsShared explorationLock speedFull tech treeHidden civsTurbo modeCheats
Victory
Defeat
🇮🇳 Chinese · India
1500
+18
🇮🇳 Wu · India
1551
-18
Fore_Ruthless
0:25 Loom
10:51 Feudal Age
14:23 Castle Age
12:07 Horse Collar
12:19 Double-Bit Axe
16:00 Bow Saw
18:21 Heavy Plow
20:05 Stone Mining
21:20 Fletching
23:25 Ballistics
23:06 Bodkin Arrow
23:49 Padded Archer Armor
24:17 Gold Mining
25:04 Wheelbarrow
25:31 Leather Archer Armor
29:41 Imperial Age
30:27 Bracer
31:30 Chemistry
31:20 Ring Archer Armor
31:37 Masonry
31:35 Elite Chu Ko Nu
35:06 Scale Barding Armor
35:12 Forging
35:57 Bloodlines
35:08 Light Cavalry
35:48 Husbandry
36:41 Conscription
36:45 Rocketry
36:28 Great Wall
38:56 Architecture
38:20 Arrowslits
39:09 Chain Barding Armor
39:25 Iron Casting
39:48 Bombard Tower
38:55 Heavy Scorpion
41:01 Heavy Rocket Cart
43:20 Plate Barding Armor
43:46 Blast Furnace
43:40 Heated Shot
EMPEROR98265292
11:00 Feudal Age
11:06 Feudal Age
12:25 Loom
15:31 Castle Age
13:34 Double-Bit Axe
14:48 Fletching
15:09 Loom
17:23 Bodkin Arrow
20:44 Bow Saw
21:34 Horse Collar
23:19 Stone Mining
24:11 Red Cliffs Tactics
25:11 Padded Archer Armor
25:41 Gold Mining
27:23 Leather Archer Armor
34:10 Imperial Age
32:37 Ballistics
33:03 Wheelbarrow
33:41 Stone Shaft Mining
33:38 Masonry
34:45 Masonry
34:16 Elite Fire Archer
35:11 Bracer
36:21 Chemistry
36:20 Elite Skirmisher
39:14 Two-Man Saw
40:05 Scale Mail Armor
40:17 Forging
40:12 Scale Barding Armor
44:05 Scale Mail Armor
44:25 Chain Barding Armor
44:21 Sitting Tiger
44:42 Conscription
Connection lost

Rejoining the realm…

Still unreachable

The connection could not be restored.

Session expired

The server has moved on; the page needs a fresh start.